 Dungeon Crawl Stone Soup version 0.24.0-10-g970556be89 (webtiles) character file.

Game seed: 14982157232861582116, levelgen mode: deterministic

517 Lanoc the Slasher (level 7, -4/66 HPs)
             Began as a Naga Monk on Nov 4, 2019.
             Was a Believer of the Shining One.
             Shot with an arrow by a centaur (9 damage)
             ... on level 5 of the Dungeon.
             The game lasted 00:05:42 (4026 turns).

Lanoc the Slasher (Naga Monk)                       Turns: 4026, Time: 00:05:43

Health: -4/66      AC:  3    Str: 14    XL:     7   Next: 20%
Magic:  9/9        EV: 11    Int: 10    God:    the Shining One [**....]
Gold:   196        SH:  0    Dex: 15    Spells: 6/6 levels left

rFire    + . .     SeeInvis +   a - +0 falchion
rCold    + . .     Gourm    .   (no shield)
rNeg     + . .     Faith    .   b - +0 robe
rPois    +         Spirit   .   (no helmet)
rElec    +         Reflect  .   (no cloak)
rCorr    +         Harm     .   (no gloves)
MR       .....                  (no barding)
Stlth    +.........             (no amulet)
HPRegen  0.21/turn              (no ring)
MPRegen  0.11/turn              (no ring)

@: short of breath, resistant, flying, glowing, very slow
A: large, see invisible, deformed body, poison resistance, slowness 2, slow
metabolism 1, spit poison 1, AC +2
a: Spit Poison, Divine Shield, Renounce Religion


You were on level 5 of the Dungeon.
You worshipped the Shining One.
The Shining One was pleased with you.
You were hungry.

You visited 2 branches of the dungeon, and saw 6 of its levels.

You collected 196 gold pieces.

Inventory:

Hand Weapons
 a - a +0 falchion (weapon)
Armour
 b - a +0 robe (worn)
Scrolls
 d - a scroll of noise {unknown}
 e - 6 scrolls of identify
 f - 2 scrolls of teleportation
 h - 2 scrolls of remove curse
 k - a scroll of amnesia {unknown}
 m - a scroll of enchant armour {unknown}
 n - a scroll of fog {unknown}
 o - 2 scrolls of blinking
Potions
 g - a potion of brilliance {unknown}
 i - a potion of flight
 j - a potion of resistance
Comestibles
 c - 7 rations


   Skills:
 + Level 4.4 Fighting
 * Level 5.6 Long Blades
 + Level 3.7 Dodging
 - Level 3.0 Stealth
 + Level 2.9 Invocations


You had 6 spell levels left.
You didn't know any spells.
Your spell library was empty.

Dungeon Overview and Level Annotations

Branches:
Dungeon (5/15)             Temple (1/1) D:5

Altars:
Ashenzari
Gozag
Makhleb
Nemelex Xobeh
Sif Muna
Uskayaw
Yredelemnul
Zin
The Shining One


Innate Abilities, Weirdness & Mutations

You cannot wear boots.
Your serpentine skin is tough. (AC +2)
You have supernaturally acute eyesight. (SInv)
Armour fits poorly on your strangely shaped body.
Your system is resistant to poisons. (rPois)
You cover ground very slowly.
You have a slow metabolism.
You can spit poison.


Message History

You feel better.
You have got your breath back.
The centaur shoots an arrow.
The arrow hits you!
* * * LOW HITPOINT WARNING * * *
It was a potion of flight.
You feel very buoyant.
You fly up into the air.
The centaur shoots an arrow.
The arrow misses you.
The centaur shoots an arrow.
The arrow closely misses you.
It was a potion of resistance.
You feel protected.
The centaur shoots an arrow.
The arrow hits you.
* * * LOW HITPOINT WARNING * * *
Press: ? - help, Shift-Dir - straight line, f/p - centaur
Aim: a centaur, wielding a +0 shortbow (heavily wounded, poisoned)
The splash of poison hits the centaur but does no damage.
The centaur looks even sicker.
The centaur is heavily wounded.
You are feeling hungry.
The centaur shoots an arrow.
The arrow hits you!
You die...

#
#.###
#...##
###..#
##.#
#.#
#(#
#(#
#(#
#@#
#.#
#.#
#.#
#c#
#.#
#.#
#.#


You could see a centaur.

Vanquished Creatures
  A phantom (D:4)
  A centaur (D:5)
  A scorpion (D:4)
  A howler monkey (D:4)
  2 hounds (D:5)
  An orc priest (D:4)
  An orc wizard (D:4)
  Natasha (D:4)
  A worker ant (D:4)
  A hound skeleton (D:4)
  2 adders
  A shadow imp (D:5)
  An adder skeleton (D:4)
  3 worms
  2 dart slugs
  A leopard gecko (D:2)
  6 orcs
  4 bats
  5 giant cockroaches
  6 goblins
  4 hobgoblins
  6 kobolds
  2 quokkas
  A ball python (D:1)
  5 frilled lizards
  3 rats
63 creatures vanquished.

Notes
Turn   | Place    | Note
-------+----------+-------------------------------------------
     0 | D:1      | Lanoc the Naga Monk began the quest for the Orb.
     0 | D:1      | Reached XP level 1. HP: 21/21 MP: 1/1
   443 | D:1      | Found a glowing golden altar of the Shining One.
   602 | D:1      | Reached XP level 2. HP: 23/28 MP: 2/2
   701 | D:1      | Became a worshipper of the Shining One
   701 | D:1      | Reached * piety under the Shining One
   701 | D:1      | Reached ** piety under the Shining One
  1202 | D:2      | Found a hide-covered altar of Uskayaw.
  1202 | D:2      | Found a shattered altar of Ashenzari.
  1203 | D:2      | Found an opulent altar of Gozag.
  1400 | D:2      | Reached XP level 3. HP: 34/34 MP: 3/3
  2229 | D:3      | Reached XP level 4. HP: 37/42 MP: 4/4
  2248 | D:3      | Found a glowing silver altar of Zin.
  2464 | D:3      | Reached skill level 4 in Long Blades
  2566 | D:4      | Reached skill level 1 in Invocations
  2718 | D:4      | Reached XP level 5. HP: 49/49 MP: 4/6
  2860 | D:4      | Found a basalt altar of Yredelemnul.
  2930 | D:4      | Noticed Natasha
  2950 | D:4      | Killed Natasha
  3040 | D:4      | Reached XP level 6. HP: 23/57 MP: 7/7
  3300 | D:4      | Noticed a phantom
  3322 | D:4      | Killed a phantom
  3322 | D:4      | Reached skill level 5 in Long Blades
  3589 | D:5      | Entered Level 5 of the Dungeon
  3597 | D:5      | Reached XP level 7. HP: 12/64 MP: 7/9
  3902 | D:5      | Found a staircase to the Ecumenical Temple.
  3916 | Temple   | Entered the Ecumenical Temple
  4026 | D:5      | Shot with an arrow by a centaur

Levels and vault maps discovered:
D:1:      nicolae_arrival_memento_mori, layout_basic, tso_metal_star
D:2:      layout_loops_corners, chequers_temple_overflow_statue_of_worship,
          uniq_crazy_yiuf_cottage
D:3:      layout_loops_ring, lemuel_round_altar
D:4:      layout_basic, overflow_temple_1_default, uniq_natasha
D:5:      layout_rooms, temple_statues, first_ration
Temple:   nicolae_temple_elliptical

Skill      XL: |  1  2  3  4  5  6 |
---------------+-------------------+-----
Long Blades    | 4 5 |  5.6
Dodging        | 3 |  3.7
Invocations    | 1 2 |  2.9
Fighting       | 4 |  4.4
Stealth        | |  3.0

Action                   |  1- 3 |  4- 6 |  7- 9 || total
-------------------------+-------+-------+-------++-------
Melee: Falchion          |    97 |    96 |    20 ||   213
 Abil: Spit Poison       |    10 |    11 |     5 ||    26
  Use: Scroll            |     6 |       |       ||     6
       Potion            |       |       |     4 ||     4
 Stab: Sleeping          |     2 |       |       ||     2
  Eat: Chunk             |     4 |     3 |     2 ||     9
Armor: Robe              |    11 |    11 |     9 ||    31
Dodge: Dodged            |    58 |    48 |    20 ||   126
       Rpst.: Falchion   |    21 |    10 |     4 ||    35
